 Dungeon Crawl Stone Soup version 0.27-a0-1200-g94dc6ad4cf (webtiles) character file.

Game seed: 3672333626179131261

115 Glokmah the Chopper (level 5, -1/33 HPs)
             Began as a Tengu Berserker on May 30, 2021.
             Was a Believer of Trog.
             Slain by a gnoll
             ... wielding a +0 halberd
              (6 damage)
             ... on level 2 of the Dungeon.
             The game lasted 00:01:40 (1490 turns).

Glokmah the Chopper (Tengu Berserker)               Turns: 1490, Time: 00:01:41

Health: -1/33      AC:  6    Str: 19    XL:     5   Next: 0%
Magic:  6/6        EV: 13    Int:  7    God:    Trog [**....]
Gold:   88         SH:  0    Dex: 13    Spells: 4/4 levels left

rFire    . . .     SeeInvis .   a - +0 hand axe
rCold    . . .     Faith    .   (no shield)
rNeg     . . .     Spirit   .   k - +0 ring mail
rPois    .         Reflect  .   (helmet restricted)
rElec    .         Harm     .   (no cloak)
rCorr    .         Rampage  .   h - +0 pair of gloves
Will     .....                  (boots unavailable)
Stlth    +.........             (no amulet)
HPRegen  0.11/turn              (no ring)
MPRegen  0.10/turn              (no ring)

@: on berserk cooldown, flying quickly and evasively, slowed, very slow
A: beak, talons 3, nimble flight
a: Renounce Religion, Berserk, Trog's Hand


You were on level 2 of the Dungeon.
You worshipped Trog.
Trog was pleased with you.
You visited 1 branch of the dungeon, and saw 2 of its levels.

You collected 88 gold pieces.

Inventory:

Hand Weapons
 a - a +0 hand axe (weapon)
Missiles
 f - a throwing net
Armour
 h - a +0 pair of gloves (worn)
 k - a +0 ring mail (worn)
Scrolls
 d - a scroll of fog {unknown}
 g - a scroll of acquirement {unknown}
 j - a scroll of teleportation {unknown}
Potions
 c - 2 potions of heal wounds {unknown}
 e - a potion of curing {unknown}
 i - a potion of haste {unknown}


   Skills:
 + Level 3.9 Fighting
 * Level 5.3 Axes
 - Level 2.1 Armour
 - Level 2.1 Dodging


You had 4 spell levels left.
You didn't know any spells.
Your spell library was empty.

Dungeon Overview and Level Annotations

Branches:
Dungeon (2/15)

Altars:


Innate Abilities, Weirdness & Mutations

You have a beak for a mouth.
You have claws for feet.
Your magical nature lets you fly swiftly and evasively.


Message History

The gnoll hits you from afar with a +0 halberd!
The gnoll closely misses you.
You slash the gnoll!
You kill the gnoll!
Trog accepts your kill.
The gnoll hits you from afar with a +0 halberd!
Your Axes skill increases to level 5!
You are too injured to fight recklessly!
Unknown command.
You are too injured to fight recklessly!
You are too injured to fight recklessly!
The gnoll misses you. x2
Things that are here:
a +0 club; 3 gold pieces You slash the gnoll!
You claw the gnoll.
You kill the gnoll!
Trog accepts your kill.
You barely miss the gnoll. The gnoll closely misses you.
The gnoll barely misses you.
A hobgoblin comes into view.
The hobgoblin shouts!
The gnoll barely misses you. x2
You see here a +0 spear of venom.
You slash the gnoll! You claw the gnoll.
You kill the gnoll!
Trog accepts your kill.
You can now call upon Trog for regeneration and willpower.
You hit the gnoll. The gnoll hits you with a +0 spear.
* * * LOW HITPOINT WARNING * * *
You completely miss the gnoll. You claw the gnoll. You peck the gnoll.
You kill the gnoll!
Trog accepts your kill.
The gnoll hits you from afar with a +0 halberd.
* * * LOW HITPOINT WARNING * * *
You have reached level 5!
Your magical nature develops, letting you fly swiftly and evasively.
You are no longer berserk.
You are exhausted.
You feel yourself slow down. The gnoll hits you with a +0 halberd.
You die...

#.# #.# #####
#.######.....
#.##........
#.##.......
#.##.....#
#.##.....#
#.##)g...###.
#...)@)..g...
#..).)...##.#
#.####)###
#.# ... #.#
....# #.#
...... #..
....... #.
.###### ##


You could see a gnoll and a hobgoblin.

Vanquished Creatures
  7 gnolls (D:2)
  An adder (D:2)
  2 dart slugs (D:1)
  An endoplasm (D:1)
  A giant cockroach (D:2)
  4 goblins (D:1)
  A hobgoblin (D:2)
  8 jackals
  2 kobolds (D:1)
  A ball python (D:1)
  3 bats
  4 frilled lizards
  2 rats
37 creatures vanquished.

Notes
Turn   | Place    | Note
-------+----------+-------------------------------------------
     0 | D:1      | Glokmah the Tengu Berserker began the quest for the Orb.
     0 | D:1      | Reached XP level 1. HP: 14/14 MP: 2/2
   260 | D:1      | Reached XP level 2. HP: 12/19 MP: 3/3
   552 | D:1      | Reached skill level 4 in Axes
   806 | D:2      | Reached XP level 3. HP: 23/23 MP: 4/4
  1483 | D:2      | Reached XP level 4. HP: 29/29 MP: 5/5
  1485 | D:2      | Reached skill level 5 in Axes
  1488 | D:2      | Reached ** piety under Trog
  1490 | D:2      | Gained mutation: Your magical nature lets you fly swiftly
                  | and evasively. [Tengu growth]
  1490 | D:2      | Reached XP level 5. HP: 7/33 MP: 6/6
  1490 | D:2      | Slain by a gnoll

Illustrated notes

Levels and vault maps discovered:
D:1:      saegor_arrival_simple_e, layout_rooms, hex_medium
D:2:      layout_basic, minmay_randomly_rotated_circles

Skill      XL: |  1  2  3  4 |
---------------+-------------+-----
Axes           | 4 5 |  5.3
Fighting       | |  3.9
Armour         | |  2.1
Dodging        | |  2.1

Action                   |  1- 3 |  4- 6 || total
-------------------------+-------+-------++-------
Melee: Hand axe          |    53 |     5 ||    58
       Peck              |    11 |     1 ||    12
       Kick              |    12 |     4 ||    16
Invok: Berserk           |     4 |       ||     4
Armor: Animal skin       |     5 |       ||     5
       Ring mail         |     3 |       ||     3
Dodge: Dodged            |    30 |     7 ||    37

Table legend: (Time is in decaauts)
 A = Elapsed time spent in this place.
 B = Non-inter-level travel time spent in this place.
 C = Inter-level travel time spent in this place.
 D = Time resting spent in this place.
 E = Time spent auto-exploring this place.
 F = Levels seen in this place.
 G = Mean time per level.
                   A        B        C        D        E       F      G
               +--------+--------+--------+--------+--------+-----+--------+
         Total |   1520 |   1488 |     32 |    653 |    591 |   2 |  760.0 |
       Dungeon |   1520 |   1488 |     32 |    653 |    591 |   2 |  760.0 |
               +--------+--------+--------+--------+--------+-----+--------+

Top non-repeatable levels by time:
     D:1: 1172 daAuts
     D:2: 347 daAuts
